Map: Romanticide LE

Players

Armani

  • Race: Zerg Zerg
  • Spawn Location: 11:00

RagnaroK (SHIN) - Winner!

  • Race: Zerg Zerg
  • Spawn Location: 5:00

Event: IEM Katowice 2021

VOD

Have the link to the VOD?

Description

Time

  • Played on: Feb. 21, 2021, 1:23 p.m.
  • Length: 15:05

All games in this series

Show
View Real Time Build Order
Export as new Build Order

Armani Zerg 

Build Orders: Hatch First 

Get SALT Encoding   

  12  0:00  Drone  
  13  0:12  Overlord  
  13  0:17  Drone  
  14  0:30  Drone  
  14  0:31  Drone  
  16  0:47  Hatchery  
  15  0:52  Drone  
  15  0:56  Drone  
  17  0:59  Drone  
  18  1:09  Extractor  
  17  1:13  Spawning Pool  
  16  1:20  Drone  
  16  1:23  Drone  
  18  1:29  Drone  
  20  1:40  Drone  
  20  1:50  Drone  
  21  1:59  Queen x2  
  21  2:00  Overlord  
  25  2:02  Drone  
  26  2:11  Metabolic Boost, Drone x2  
  28  2:21  Drone  
  29  2:30  Hatchery  
  29  2:33  Drone  
  29  2:35  Drone  
  30  2:42  Queen  
  32  2:49  Baneling Nest  
  31  2:53  Overlord  
  31  2:56  Drone  
  31  2:57  Drone  
  33  3:01  Drone  
  34  3:13  Zergling x4  
  34  3:14  Zergling x8  
  34  3:15  Drone  
  41  3:21  Overlord  
  41  3:22  Drone  
  41  3:25  Drone  
  43  3:29  Evolution Chamber  
  43  3:30  Drone  
  43  3:35  Drone  
  43  3:40  Drone  
  43  3:41  Drone  
  46  3:43  Zergling x2, Drone x2  
  46  3:46  Baneling  
  46  3:47  Overlord  
  50  3:48  Drone  
  50  3:51  Drone  
  50  3:52  Drone  
  50  3:55  Drone  
  53  3:58  Zerg Missile Weapons Level 1  
  52  4:04  Drone  
  52  4:11  Zergling x4, Baneling x2  
  52  4:12  Zergling x8  
  52  4:13  Drone  
  52  4:16  Drone  
  60  4:21  Roach Warren  
  58  4:28  Drone  
  58  4:31  Lair  
  58  4:34  Drone x7  
  58  4:37  Overlord  
  65  4:42  Extractor  
  65  4:43  Overlord  
  65  4:44  Extractor  
  63  4:47  Overlord  
  63  4:49  Overlord  
  63  4:54  Drone x2  
  63  4:58  Drone x2  
  63  4:59  Drone  
  68  5:01  Extractor  
  68  5:06  Drone  
  68  5:07  Drone  
  69  5:15  Drone x3  
  69  5:17  Extractor  
  69  5:18  Extractor, Drone x2  
  69  5:20  Drone x2  
  74  5:21  Drone  
  74  5:22  Overlord  
  74  5:24  Drone x2  
  74  5:27  Roach x4  
  84  5:32  Queen  
  84  5:33  Queen x2  
  90  5:39  Nydus Network  
  90  5:41  Roach x3  
  95  5:44  Overlord  
  95  5:53  Glial Reconstitution  
  95  5:56  Roach x3  
  100  5:57  Roach  
  100  6:02  Drone  
  100  6:04  Overseer  
  103  6:07  Queen  
  103  6:09  Roach x3  
  110  6:36  Nydus Canal  
  110  6:37  Roach x2  
  113  6:42  Roach, Overlord  
  113  6:44  Overlord x2  
  113  6:45  Overlord  
  113  6:47  Overlord  
  113  6:48  Overlord  
  113  6:49  Overlord  
  113  6:51  Nydus Canal  
  113  6:52  Roach x2  
  113  6:54  Overlord  
  113  6:57  Queen  
  113  6:58  Queen  
  113  6:59  Queen  
  113  7:00  Roach, Spore Crawler  
  113  7:01  Spore Crawler  
  113  7:02  Roach x3  
  113  7:03  Roach x2  
  113  7:05  Roach  
  113  7:08  Nydus Canal, Spore Crawler  
  117  7:13  Spore Crawler  
  116  7:17  Roach  
  116  7:18  Roach, Spore Crawler  
  116  7:19  Spore Crawler  
  116  7:20  Roach  
  120  7:25  Nydus Canal  
  120  7:27  Roach x2  
  120  7:28  Roach  
  128  7:30  Roach  
  128  7:32  Roach  
  128  7:36  Roach x2  
  132  7:41  Roach  
  132  7:44  Roach x2  
  136  7:46  Spore Crawler  
  136  7:48  Roach x2  
  129  7:52  Nydus Canal  
  129  7:54  Roach  
  129  7:57  Roach  
  125  8:09  Nydus Canal  
  125  8:12  Roach  
  127  8:14  Roach x2  
  127  8:15  Roach x2  
  127  8:17  Roach  
  127  8:18  Roach x2  
  127  8:19  Roach  
  127  8:24  Roach  
  127  8:28  Spore Crawler  
  127  8:29  Roach  
  127  8:30  Spore Crawler  
  127  8:32  Roach  
  113  8:35  Queen x2  
  113  8:40  Roach  
  113  8:42  Roach  
  113  8:44  Roach  
  113  8:46  Roach x2  
  113  8:47  Nydus Canal  
  117  8:49  Roach  
  117  8:51  Roach  
  117  8:54  Roach  
  121  8:59  Roach  
  121  9:00  Roach  
  117  9:09  Spore Crawler  
  110  9:10  Nydus Canal  
  110  9:11  Spore Crawler x2  
  110  9:12  Roach  
  110  9:15  Roach  
  106  9:20  Infestation Pit  
  106  9:21  Spore Crawler  
  90  9:26  Nydus Canal  
  90  9:28  Roach  
  88  9:31  Roach x2  
  88  9:33  Spore Crawler  
  75  9:38  Queen  
  75  9:42  Queen  
  75  9:45  Queen  
  73  9:50  Nydus Canal  
  73  9:58  Pathogen Glands  
  73  9:59  Overlord  
  71  10:00  Spore Crawler  
  71  10:01  Spore Crawler  
  71  10:03  Spore Crawler  
  68  10:07  Spore Crawler  
  68  10:13  Spore Crawler  
  60  10:16  Roach x3  
  60  10:18  Overseer  
  60  10:19  Spore Crawler  
  65  10:30  Spore Crawler  
  64  10:38  Infestor x6  
  75  10:46  Spore Crawler  
  74  10:55  Nydus Canal  
  72  10:59  Infestor  
  72  11:00  Queen x3  
  80  11:06  Spore Crawler  
  80  11:07  Spore Crawler  
  74  11:19  Roach Warren  
  71  11:31  Infestor x2  
  75  11:34  Drone x4  
  75  11:35  Drone x5  
  84  11:40  Queen x2  
  84  11:46  Drone  
  89  11:55  Drone x4  
  89  11:58  Zerg Missile Weapons Level 2  
  93  12:02  Queen  
  93  12:07  Drone  
  93  12:08  Drone x3  
  99  12:15  Hydralisk Den, Queen  
  98  12:20  Drone x2  
  98  12:21  Drone  
  98  12:22  Drone  
  104  12:27  Overlord  
  104  12:31  Roach x3  
  104  12:34  Roach  
  112  12:43  Overseer  
  112  12:51  Muscular Augments, Overlord  
  91  13:13  Hydralisk x8  
  91  13:14  Hydralisk x2  
  111  13:20  Drone x3  
  111  13:21  Drone  
  111  13:23  Drone  
  116  13:36  Roach x3  
  116  13:40  Roach  
  124  13:44  Roach  
  124  13:45  Roach  
  120  14:05  Hydralisk x4  
  128  14:26  Roach x6  
  131  14:33  Overlord  
Show
View Real Time Build Order
Export as new Build Order

RagnaroK Zerg - Winner!

Build Orders: Hatch First 

Get SALT Encoding   

  12  0:00  Drone  
  13  0:11  Overlord  
  13  0:17  Drone  
  14  0:30  Drone x2  
  16  0:47  Hatchery  
  15  0:50  Drone  
  15  0:54  Drone  
  17  0:57  Drone  
  18  1:08  Extractor  
  17  1:13  Spawning Pool  
  17  1:15  Drone  
  17  1:19  Drone  
  18  1:29  Drone  
  19  1:39  Drone  
  20  1:49  Drone  
  21  1:59  Queen x2  
  21  2:00  Drone x2  
  27  2:10  Drone  
  27  2:11  Overlord  
  28  2:16  Metabolic Boost  
  28  2:27  Hatchery  
  28  2:30  Drone  
  28  2:32  Drone  
  28  2:34  Drone  
  30  2:37  Drone  
  30  2:44  Queen  
  31  2:47  Drone  
  34  2:52  Baneling Nest  
  34  2:55  Overlord  
  34  2:58  Drone  
  34  3:01  Drone  
  34  3:03  Drone  
  36  3:14  Zergling x8  
  36  3:15  Drone x2  
  36  3:17  Drone  
  43  3:23  Overlord  
  43  3:24  Drone  
  44  3:30  Evolution Chamber  
  43  3:38  Baneling  
  44  3:41  Zergling x12  
  44  3:45  Zergling x2  
  50  3:51  Extractor  
  48  3:58  Drone x3, Lair  
  48  4:02  Baneling  
  50  4:08  Overlord  
  49  4:10  Drone x7  
  56  4:17  Drone, Roach Warren  
  56  4:18  Drone  
  56  4:22  Zerg Melee Weapons Level 1  
  57  4:26  Drone  
  57  4:27  Drone x2  
  59  4:31  Extractor  
  59  4:32  Extractor  
  59  4:35  Zergling x8  
  61  4:43  Overlord  
  60  4:46  Drone x5  
  60  4:48  Baneling  
  65  4:53  Overlord  
  65  4:59  Spire  
  64  5:03  Drone x3  
  64  5:04  Baneling  
  64  5:05  Baneling  
  64  5:06  Extractor x2  
  65  5:07  Drone  
  65  5:08  Drone x2  
  65  5:09  Drone  
  65  5:14  Drone x4  
  73  5:17  Drone x2  
  75  5:23  Overlord, Drone x2  
  75  5:28  Overlord  
  77  5:30  Overlord  
  77  5:35  Drone x4  
  81  5:38  Drone  
  81  5:42  Overlord  
  81  5:45  Overlord  
  81  5:46  Overlord  
  79  6:10  Mutalisk x9  
  97  6:13  Zergling x10  
  101  6:21  Hatchery  
  101  6:27  Overlord  
  100  6:37  Mutalisk x4, Hatchery  
  107  6:41  Zergling x14  
  107  6:45  Zergling x6  
  107  6:46  Zergling x2  
  118  6:47  Zergling x2  
  114  6:54  Mutalisk x2  
  114  6:56  Zergling x2  
  114  6:59  Queen  
  114  7:00  Mutalisk x2  
  122  7:03  Mutalisk  
  124  7:09  Overlord  
  124  7:10  Mutalisk  
  124  7:11  Zergling x2  
  126  7:15  Mutalisk  
  126  7:16  Zergling x2  
  126  7:19  Zergling x2  
  130  7:23  Mutalisk  
  130  7:24  Zergling x4  
  130  7:26  Zergling x2  
  130  7:28  Mutalisk  
  131  7:37  Zergling x6, Mutalisk  
  129  7:41  Mutalisk  
  132  7:44  Zergling x4  
  132  7:47  Mutalisk  
  117  7:52  Mutalisk  
  117  7:56  Queen x3  
  115  7:59  Zergling x6  
  115  8:00  Mutalisk  
  115  8:01  Zergling x2  
  112  8:05  Zergling x2  
  112  8:06  Zergling x2  
  112  8:09  Zergling x2  
  113  8:16  Zergling x2  
  111  8:24  Zergling x4  
  109  8:29  Zergling x2, Mutalisk  
  109  8:32  Zergling x2  
  113  8:35  Zergling x6  
  114  8:45  Mutalisk  
  107  8:49  Zergling x8  
  104  8:59  Mutalisk  
  101  9:05  Zergling x2  
  101  9:06  Zergling x2  
  101  9:08  Zergling x4  
  101  9:09  Zergling x10  
  98  9:19  Zergling x2  
  98  9:22  Zergling x6  
  93  9:32  Zergling x10  
  93  9:35  Zergling x2  
  93  9:37  Queen  
  96  9:38  Queen  
  96  9:41  Drone  
  98  9:48  Drone x2  
  99  9:55  Drone x3  
  99  9:59  Spire  
  101  10:03  Drone  
  101  10:04  Drone x2  
  101  10:06  Drone  
  105  10:12  Zerg Melee Weapons Level 2  
  105  10:15  Drone  
  105  10:21  Drone x2  
  108  10:27  Drone x3  
  107  10:36  Drone  
  107  10:37  Drone x4  
  108  10:57  Overlord  
  108  11:11  Mutalisk x9  
  108  11:14  Drone x2  
  108  11:15  Drone  
  108  11:18  Zerg Flyer Weapons Level 1  
  125  11:29  Drone x5  
  125  11:32  Mutalisk  
  128  11:34  Queen  
  128  11:37  Drone x3  
  133  11:40  Centrifical Hooks  
  133  11:43  Drone  
  133  11:46  Drone x3  
  137  11:52  Overlord x2  
  137  11:54  Drone x2  
  139  11:57  Drone x2  
  139  12:00  Unknown  
  140  12:02  Baneling  
  140  12:03  Baneling x10  
  140  12:04  Baneling x2  
  140  12:07  Overseer  
  140  12:14  Drone  
  140  12:22  Hatchery  
  139  12:29  Overlord x2  
  139  12:33  Zergling x24  
  149  12:44  Infestation Pit  
  149  12:46  Queen  
  149  12:48  Zergling x14  
  157  12:52  Baneling x4  
  157  13:02  Overlord  
  146  13:15  Zergling x14  
  146  13:17  Overlord  
  146  13:18  Overlord  
  150  13:21  Hive  
  150  13:24  Drone x11  
  161  13:27  Zergling x2  
  161  13:29  Baneling x6  
  161  13:30  Baneling x7  
  161  13:33  Overseer  
  160  13:37  Zergling x2  
  160  13:38  Zergling x8, Overseer  
  165  13:41  Overlord  
  165  13:42  Zergling x2  
  165  13:44  Overlord  
  165  13:46  Zergling x8  
  165  13:48  Zergling x2  
  171  13:52  Zergling x10  
  173  13:57  Zergling x8  
  173  13:58  Zergling x2  
  174  14:04  Baneling x16  
  174  14:06  Zergling x4  
  174  14:07  Zergling x2  
  174  14:08  Zergling x8  
  181  14:12  Baneling x11  
  181  14:13  Baneling x2  
  181  14:14  Zergling x2  
  181  14:15  Zergling x2  
  181  14:16  Zergling x2  
  184  14:18  Zergling x4  
  184  14:19  Zergling x4  
  184  14:21  Zergling x2  
  184  14:22  Zergling x2  
  184  14:25  Zergling x2  
  184  14:26  Zergling x2  
  184  14:27  Zergling x2  
  184  14:28  Baneling x13  
  184  14:30  Zergling x4  
  181  14:33  Zergling x4  
  181  14:37  Zergling x2  
  182  14:39  Baneling x9  
  182  14:40  Baneling x2  
  182  14:41  Zergling x4  
  182  14:43  Zergling x2  
  182  14:45  Zergling x6  
  185  14:46  Zergling x2  
  185  14:48  Baneling x4  

Tags
 
Add a new tag
Caveats
  • Supply blocks, unpowered buildings, or Contaminate may cause inaccurate times.
  • Supply counts are checked every 10 seconds.